 Dungeon Crawl Stone Soup version 0.19-a0-1047-g4b671ad (webtiles) character file.

86 DarthRa the Insei (level 4, 0/28 HPs)
             Began as a Kobold Monk on July 31, 2016.
             Killed from afar by an orc wizard (5 damage)
             ... with a magic dart
             ... on level 3 of the Dungeon.
             The game lasted 00:11:32 (1740 turns).

DarthRa the Insei (Kobold Monk)                     Turns: 1740, Time: 00:11:32

Health: 0/28       AC:  3    Str:  9    XL:     4   Next: 77%
Magic:  4/4        EV: 16    Int:  8    God:
Gold:   30         SH:  0    Dex: 21    Spells: 0 memorised, 3 levels left

rFire  . . .     SeeInvis .       - Unarmed
rCold  + . .     Gourm    .     n - +0 leather armour
rNeg   . . .     Faith    .     (shield restricted)
rPois  .         Spirit   .     (no helmet)
rElec  .         Dismiss  .     (no cloak)
rCorr  .         Reflect  .     (no gloves)
SustAt .         Harm     .     (no boots)
MR     .....                    (no amulet)
Stlth  +++.......               j - ring of protection from cold
                                h - +2 ring of dexterity

@: very slightly contaminated, not resistant to hostile enchantments, fairly
stealthy
A: carnivore 3
a: no special abilities


You were on level 3 of the Dungeon.
You were completely stuffed.

You visited 1 branch of the dungeon, and saw 3 of its levels.

You collected 30 gold pieces.

Inventory:

Hand Weapons
 s - a +1 short sword of draining
Missiles
 c - 23 stones (quivered)
 o - 26 poisoned needles
 p - 7 curare-tipped needles
 u - 10 sling bullets
Armour
 a - a +0 robe
 i - a +0 robe
 n - a +0 leather armour (worn)
Jewellery
 h - a +2 ring of dexterity (left hand)
 j - a ring of protection from cold (right hand)
Scrolls
 f - a scroll of noise
Potions
 r - a potion of beneficial mutation
Comestibles
 b - 4 meat rations
 d - a chunk of flesh


   Skills:
 - Level 3.2 Fighting
 - Level 3.6 Dodging
 - Level 2.6 Stealth
 + Level 5.1 Unarmed Combat


You had 3 spell levels left.
You didn't know any spells.

Dungeon Overview and Level Annotations

Branches:
Dungeon (3/15)

Altars:


Innate Abilities, Weirdness & Mutations

You are small and have problems with some larger weapons.
You are carnivorous and can eat meat at any time.


Message History

The magic dart hits you!
* * * LOW HITPOINT WARNING * * *
The bat barely misses you. The kobold closely misses you.
The orc wizard completely misses you. The orc misses you. The bat misses you.
The bat barely misses you. The orc wizard barely misses you.
The kobold hits you.
* * * LOW HITPOINT WARNING * * *
The orc priest casts a cantrip, but nothing happens.
The bat closely misses you. x2
The orc wizard mumbles some strange words.
The orc wizard blinks!
The goblin closely misses you.
The orc wizard hits you but does no damage.
The orc wizard hits you with a dagger.
* * * LOW HITPOINT WARNING * * *
The bat hits you but does no damage. The bat barely misses you.
The bat hits you but does no damage. The bat barely misses you.
The bat closely misses you. The bat barely misses you.
The orc wizard casts a spell at you. The magic dart hits you!
You die...

..##o..# #.hh# *,*****,,,
#..o.#** #...# *,,,,**,,,
..##.### #...# ****+**,,,
####o..# #...# *,,,,,,,,,
gb)g...# #...# *,,,,,,,,,
.###...# #§..# *,,,,,,,,, (#
#...# #§§.###########,,,,,,,,,
g####### #§§§#..........,,,,,,,,,
ooh...####§§§#..@.......,,,,,,,,,
#....o....§g§#b.bo......*******,,
.....o....o§§#go..o.....* *,,
.....#....ohK.o.........* ***
,...#_#.................*
.....#..........########*
.."..............#
.................#
r.l..............#


You could see an orc wizard, 3 orcs, a goblin, 2 bats and a kobold.

Vanquished Creatures
  Ijyb (D:2)
  An adder (D:2)
  An ooze (D:2)
  A worm (D:2)
  A dart slug (D:1)
  A giant gecko (D:1)
  A ball python (D:1)
  2 bats
  2 giant cockroaches (D:1)
  5 goblins
  7 hobgoblins
  3 jackals (D:1)
  3 giant newts
  3 kobolds (D:1)
  8 rats
40 creatures vanquished.

Notes
Turn   | Place    | Note
-------+----------+-------------------------------------------
     0 | D:1      | DarthRa the Kobold Monk began the quest for the Orb.
     0 | D:1      | Reached XP level 1. HP: 14/14 MP: 1/1
   145 | D:1      | Reached XP level 2. HP: 17/19 MP: 2/2
   392 | D:1      | Reached skill level 4 in Unarmed Combat
   392 | D:1      | Reached XP level 3. HP: 14/23 MP: 3/3
  1238 | D:2      | Noticed Ijyb
  1252 | D:2      | Killed Ijyb
  1252 | D:2      | Reached XP level 4. HP: 26/28 MP: 4/4
  1288 | D:2      | Reached skill level 5 in Unarmed Combat
  1682 | D:3      | Noticed an ogre
  1717 | D:3      | Found a faded altar of an unknown god.
  1740 | D:3      | Killed from afar by an orc wizard

Vault maps used:
D:1:      minmay_arrival_floating_metal, minmay_misc_feat_columns
D:2:      uniq_iyjb
D:3:      ecumenical_altar_1

Skill      XL: |  1  2  3  4 |
---------------+-------------+-----
Unarmed Combat | 4 5 |  5.1
Fighting       | |  3.2
Dodging        | |  3.6
Stealth        | |  2.6

Action                   |  1- 3 |  4- 6 || total
-------------------------+-------+-------++-------
Melee: Unarmed           |    87 |    23 ||   110
       Punch             |     1 |       ||     1
Throw: Stone             |    92 |    24 ||   116
  Use: Scroll            |       |     7 ||     7
       Potion            |       |     1 ||     1
  Eat: Chunk             |    10 |     1 ||    11
Armor: Robe              |     4 |       ||     4
       Leather armour    |     3 |    12 ||    15
Dodge: Dodged            |    43 |    56 ||    99
